 Dungeon Crawl Stone Soup version 0.24-a0-201-gf205589 (console) character file.

Game seed: 10608828050403906053

8 bli the Vandal (level 2, -1/19 HPs)
             Began as a Halfling Hunter on Mar 20, 2019.
             Slain by a jackal (2 damage)
             ... on level 1 of the Dungeon.
             The game lasted 00:01:14 (126 turns).

bli the Vandal (Halfling Hunter)                     Turns: 126, Time: 00:01:14

Health: -1/19      AC:  3    Str: 13    XL:     2   Next: 15%
Magic:  2/2        EV: 15    Int:  9    God:
Gold:   3          SH:  0    Dex: 14    Spells: 1/1 levels left

rFire    . . .     SeeInvis .   b - +0 short sword
rCold    . . .     Gourm    .   (shield restricted)
rNeg     . . .     Faith    .   c - +0 leather armour
rPois    .         Spirit   .   (no helmet)
rElec    .         Reflect  .   (no cloak)
rCorr    .         Harm     .   (no gloves)
MR       .....                  (no boots)
Stlth    +.........             (no amulet)
HPRegen  0.06/turn              (no ring)
MPRegen  0.08/turn              (no ring)

@: no status effects
A: small, mutation resistance 1
a: no special abilities


You were on level 1 of the Dungeon.
You were not hungry.

You visited 1 branch of the dungeon, and saw 1 of its levels.

You collected 3 gold pieces.

Inventory:

Hand Weapons
 a - a +1 hunting sling
 b - a +0 short sword (weapon)
Missiles
 d - 20 sling bullets
 e - 33 poisoned needles
Armour
 c - a +0 leather armour (worn)
Scrolls
 g - a scroll of blinking {unknown}
Comestibles
 f - 2 rations
 h - 3 chunks of flesh


   Skills:
 + Level 1.7 Fighting
 * Level 0.1 Short Blades
 + Level 6.1 Slings
 + Level 2.7 Dodging
 + Level 1.1 Stealth


You had one spell level left.
You didn't know any spells.
Your spell library was empty.

Dungeon Overview and Level Annotations

Branches:
Dungeon (1/15)

Altars:


Innate Abilities, Weirdness & Mutations

You are small and have problems with some larger weapons.
You are somewhat resistant to further mutation.


Message History

The jackal bites you.
* * * LOW HITPOINT WARNING * * *
You hit the jackal but do no damage. The jackal closely misses you.
The jackal bites you but does no damage.
The jackal completely misses you.
You hit the jackal.
The jackal is severely wounded.
The jackal barely misses you.
The jackal bites you but does no damage.
The jackal bites you.
* * * LOW HITPOINT WARNING * * *
You closely miss the jackal.
The jackal is severely wounded.
The jackal bites you.
* * * LOW HITPOINT WARNING * * *
The jackal closely misses you. The jackal barely misses you.
You hit the jackal but do no damage.
The jackal is heavily wounded.
The jackal closely misses you. The jackal barely misses you.
The jackal bites you.
You die...

.%###### .h.....## #..##
.#####h.####
....).......###########
#########.#......#....#
#h..####......# ##..
###.######....######.....
#..hhh@h...............
##########.##..........
#############
#........#...
≈≈≈≈≈≈≈≈≈≈≈≈#
###........#
≈≈≈≈≈≈≈≈≈≈≈≈# #........#
≈≈≈≈≈≈≈≈≈≈≈≈# #..##)....#
≈≈≈≈≈≈≈≈≈≈≈≈# #.##...####
≈≈≈≈...≈≈≈≈≈# #.#.....##
≈≈≈..<..≈≈≈≈# #.#..#...##
≈≈≈≈...≈≈≈≈≈# # #..#.#..#
≈≈≈≈≈≈≈≈≈≈≈≈# #..#.##.##


You could see 4 jackals.

Vanquished Creatures
  An ooze (D:1)
  A goblin (D:1)
  3 rats (D:1)
5 creatures vanquished.

Notes
Turn   | Place    | Note
-------+----------+-------------------------------------------
     0 | D:1      | bli the Halfling Hunter began the quest for the Orb.
     0 | D:1      | Reached XP level 1. HP: 14/14 MP: 1/1
    65 | D:1      | Reached skill level 6 in Slings
   118 | D:1      | Reached XP level 2. HP: 8/19 MP: 2/2
   126 | D:1      | Slain by a jackal

Levels and vault maps discovered:
D:1:      zaba_arrival_water, layout_rooms, minmay_pentomino_s4

Skill      XL: |  1 |
---------------+----+-----
Slings         | 6 |  6.1
Fighting       | |  1.7
Short Blades   | |  0.1
Dodging        | |  2.7
Stealth        | |  1.1

Action                   || total
-------------------------++-------
Melee: Short sword       ||    22
 Fire: Hunting sling     ||     4
Armor: Leather armour    ||     4
Dodge: Dodged            ||    18

Table legend:
 A = Non-vault XP
 B = Vault XP
 C = Vault XP percentage of total XP
 D = Non-vault monster count
 E = Vault monster count
 F = Vault count percentage of total count
                 A         B        C        D         E       F
            +---------+---------+-------+---------+---------+-------
      Total |      12 |       0 |   0.0 |       5 |       0 |   0.0
            +---------+---------+-------+---------+---------+-------
        D:1 |      12 |       0 |   0.0 |       5 |       0 |   0.0
            +---------+---------+-------+---------+---------+-------
